[Event "Moscow-ch Women 2020"]
[Site "Moscow"]
[Date "2020.09.17"]
[Round "4.8"]
[White "Fedorova, Olesya"]
[Black "Dimitrova, Alexandra"]
[Result "1-0"]
[ECO "D38"]
[WhiteElo "1552"]
[BlackElo "2229"]
[Annotator "ChessBase"]
[PlyCount "65"]
[EventDate "2020.09.15"]
[EventType "swiss"]
[EventCountry "RUS"]
[TimeControl "5400+30"]

1. Nf3 Nf6 2. c4 e6 3. Nc3 d5 4. d4 Bb4 5. cxd5 exd5 6. Qa4+ Nc6 7. Bg5 h6 8. Bxf6 Qxf6 9. e3 O-O 10. Be2 Rd8 11. O-O Bf8 12. Rfc1 Ne7 13. b4 Nf5 14. b5 Be6 15. Qb3 g5 16. Na4 Bd6 17. Nc5 Rab8 18. a4 g4 19. Ne5 h5 20. Ncd3 Qh6 21. Nc5 Qg7 22. Qc3 Re8 23. a5 f6 24. Nxe6 Rxe6 25. Nd3 Qg5 26. Bf1 h4 27. Nf4 Re4 28. Qb3 Nxd4 29. Qxd5+ Qxd5 30. Nxd5 Nb3 31. Nxf6+ Kg7 32. Nxe4 Nxc1 33. Rxc1 1-0

[Event "Moscow-ch Women 2020"]
[Site "Moscow"]
[Date "2020.09.17"]
[Round "4.10"]
[White "Petrova, Elizaveta"]
[Black "Strukova, Ksenia"]
[Result "1/2-1/2"]
[ECO "E73"]
[WhiteElo "1647"]
[BlackElo "1978"]
[Annotator "ChessBase"]
[PlyCount "104"]
[EventDate "2020.09.15"]
[EventType "swiss"]
[EventCountry "RUS"]
[TimeControl "5400+30"]

1. d4 Nf6 2. c4 g6 3. Nc3 Bg7 4. e4 d6 5. Be2 e5 6. d5 O-O 7. Be3 c6 8. g4 cxd5 9. cxd5 Qa5 10. f3 Ne8 11. h4 h6 12. Qd2 Kh7 13. Bd3 Na6 14. Rc1 Bd7 15. Nge2 Rc8 16. a3 Nc5 17. Bc2 Qd8 18. b4 Na6 19. h5 g5 20. Bd3 Nac7 21. Bxa7 Ra8 22. Qe3 Qe7 23. b5 Nf6 24. b6 Nce8 25. a4 Bc8 26. a5 Nd7 27. Na4 Rg8 28. Ng3 Bf8 29. O-O Nc5 30. Nxc5 dxc5 31. Nf5 Qd8 32. Rfd1 f6 33. Bc4 Bxf5 34. exf5 Nd6 35. Bd3 Nc8 36. a6 Qd7 37. Bb5 Qxb5 38. axb7 c4 39. bxa8=Q Bc5 40. Qxc5 Qxc5+ 41. Kg2 Qe3 42. Qb7+ Rg7 43. Qxc8 Qe2+ 44. Kg3 e4 45. b7 Qxf3+ 46. Kh2 Qf4+ 47. Kg1 Qg3+ 48. Kf1 Qf3+ 49. Ke1 e3 50. Rc2 Qg3+ 51. Kf1 Qf3+ 52. Ke1 Qg3+ 1/2-1/2

[Event "Moscow-ch Women 2020"]
[Site "Moscow"]
[Date "2020.09.19"]
[Round "5.8"]
[White "Dimitrova, Alexandra"]
[Black "Diakonova, Ekaterina"]
[Result "1/2-1/2"]
[ECO "B12"]
[WhiteElo "2229"]
[BlackElo "2209"]
[Annotator "ChessBase"]
[PlyCount "80"]
[EventDate "2020.09.15"]
[EventType "swiss"]
[EventCountry "RUS"]
[SourceTitle "playchess.com"]
[Source "ChessBase"]
[SourceQuality "1"]
[TimeControl "5400+30"]

1. e4 c6 2. d4 d5 3. e5 Bf5 4. h4 h5 5. Bd3 Bxd3 6. Qxd3 Qa5+ 7. Nc3 e6 8. Bg5 c5 9. dxc5 Bxc5 10. O-O-O Nc6 11. Nh3 Rc8 12. Kb1 Nge7 13. Bxe7 Nxe7 14. Ng5 Nc6 15. Nxd5 exd5 16. e6 fxe6 17. Nxe6 Ne7 18. Rhe1 g6 19. c4 Bxf2 20. Ng7+ Kd8 21. Re2 Bxh4 22. Qd4 Bg3 23. Qf6 Kc7 24. Rxe7+ Kb8 25. Qxg6 Bh4 26. Re5 Qc7 27. Rexd5 Rhg8 28. Rd7 Qxc4 29. b3 Qe2 30. Qd6+ Ka8 31. Qd4 Qc2+ 32. Ka1 Qxg2 33. Qxh4 Rxg7 34. Rd8 Rgc7 35. Qxh5 Qg7+ 36. Kb1 a6 37. Qf5 Qc3 38. Rxc8+ Rxc8 39. Qd3 Qxd3+ 40. Rxd3 Ka7 1/2-1/2

[Event "Moscow-ch Women 2020"]
[Site "Moscow"]
[Date "2020.09.19"]
[Round "5.9"]
[White "Miroshnik, Ekaterina"]
[Black "Fedorova, Olesya"]
[Result "1/2-1/2"]
[ECO "A05"]
[WhiteElo "2139"]
[BlackElo "1552"]
[Annotator "ChessBase"]
[PlyCount "207"]
[EventDate "2020.09.15"]
[EventType "swiss"]
[EventCountry "RUS"]
[SourceTitle "playchess.com"]
[Source "ChessBase"]
[SourceQuality "1"]
[TimeControl "5400+30"]

1. Nf3 Nf6 2. b3 e6 3. Bb2 b6 4. e3 Bb7 5. Be2 d5 6. O-O Nbd7 7. a4 a5 8. d4 Be7 9. Bd3 O-O 10. Nc3 Rc8 11. Qe2 c5 12. Nb5 cxd4 13. exd4 Nb8 14. Na7 Rc7 15. Ne5 Nc6 16. Naxc6 Bxc6 17. Qf3 Nd7 18. Qh3 g6 19. Nxc6 Rxc6 20. Rae1 Bf6 21. Qg4 Rc8 22. g3 Nc5 23. dxc5 Bxb2 24. cxb6 Qxb6 25. Qd1 Bd4 26. Kg2 Bc3 27. Re2 Qd4 28. f4 Rce8 29. Ref2 e5 30. fxe5 Rxe5 31. Re2 Rxe2+ 32. Qxe2 Qe5 33. Qf3 Kg7 34. Rf2 Bb4 35. Re2 Qd6 36. Re3 Bd2 37. Re2 Bb4 38. Bb5 Rc8 39. Rf2 Rc7 40. Re2 Rc3 41. Bd3 Rc8 42. Qg4 Rd8 43. Qd4+ Qf6 44. Qa7 Qc3 45. Rf2 Rf8 46. Qd7 Qc5 47. Bb5 Qd6 48. Qxd6 Bxd6 49. Rd2 Rc8 50. Ba6 Rc3 51. Bd3 Bb4 52. Re2 Rc7 53. Re5 d4 54. Rd5 Bc3 55. Rd8 Re7 56. Rc8 Bb4 57. Kf2 Be1+ 58. Kf3 Bd2 59. Be4 Bc3 60. Rc5 Bb4 61. Rc4 Bc3 62. Bd3 Re3+ 63. Kf2 Re7 64. Rc6 Be1+ 65. Kf3 Bc3 66. Bc4 Bb4 67. Bd3 Bc3 68. Rc5 Bb4 69. Rd5 Bc3 70. Kf2 Be1+ 71. Kf1 Bc3 72. b4 Bxb4 73. Rxd4 Re1+ 74. Kg2 Ra1 75. Kh3 Re1 76. Rc4 Re3 77. Kg2 Re7 78. Rc6 Rd7 79. Kf3 Bd6 80. Ke3 Bc7 81. c4 f5 82. Ra6 Kf7 83. c5 Re7+ 84. Kd4 Rd7+ 85. Ke3 Re7+ 86. Kf3 Rd7 87. Bc4+ Kg7 88. Re6 Kf8 89. Bb5 Re7 90. Ra6 Kg7 91. Bd3 Re5 92. Rc6 Re7 93. Bc4 Kf8 94. Kf2 Kg7 95. Be2 Be5 96. Kf1 Rc7 97. Rxc7+ Bxc7 98. Bc4 Kf6 99. Ke2 Ke5 100. Bg8 h6 101. Ke3 g5 102. Bb3 f4+ 103. gxf4+ gxf4+ 104. Kf3 1/2-1/2

[Event "Moscow-ch Women 2020"]
[Site "Moscow"]
[Date "2020.09.19"]
[Round "5.10"]
[White "Strukova, Ksenia"]
[Black "Paramzina, Anastasya"]
[Result "1/2-1/2"]
[ECO "C44"]
[WhiteElo "1978"]
[BlackElo "2209"]
[Annotator "ChessBase"]
[PlyCount "51"]
[EventDate "2020.09.15"]
[EventType "swiss"]
[EventCountry "RUS"]
[SourceTitle "playchess.com"]
[Source "ChessBase"]
[SourceQuality "1"]
[TimeControl "5400+30"]

1. e4 e5 2. Nf3 Nc6 3. d3 Nf6 4. g3 d5 5. exd5 Nxd5 6. Bg2 g6 7. Bg5 f6 8. Bd2 Bg4 9. h3 Be6 10. Nc3 Qd7 11. a3 Nxc3 12. Bxc3 Bg7 13. h4 Bg4 14. O-O O-O-O 15. Qe1 Nd4 16. Bxd4 exd4 17. Qa5 Kb8 18. Rfe1 Bxf3 19. Bxf3 Rhe8 20. Qb4 c6 21. Qd2 f5 22. Qf4+ Qc7 23. Qd2 Qd7 24. Qf4+ Qc7 25. Qd2 Qd7 26. Qf4+ 1/2-1/2

[Event "Moscow-ch Women 2020"]
[Site "Moscow"]
[Date "2020.09.21"]
[Round "7.8"]
[White "Merkulova, Viktoria"]
[Black "Fedorova, Olesya"]
[Result "0-1"]
[ECO "B22"]
[WhiteElo "1436"]
[BlackElo "1552"]
[Annotator "NA RC"]
[PlyCount "92"]
[EventDate "2020.09.15"]
[EventType "swiss"]
[EventCountry "RUS"]
[SourceTitle "playchess.com"]
[Source "ChessBase"]
[SourceQuality "1"]
[TimeControl "5400+30"]

1. e4 c5 2. c3 Nf6 3. e5 Nd5 4. d4 cxd4 5. Nf3 Nc6 6. cxd4 d6 7. Bc4 dxe5 8. dxe5 Ndb4 9. Qb3 e6 10. O-O Na5 11. Bb5+ Bd7 12. Qa4 Bxb5 13. Qxb5+ Nac6 14. a3 a6 15. Qc4 Qd3 16. Qc3 Qxc3 17. bxc3 Nd3 18. Nbd2 Ncxe5 19. Nxe5 Nxe5 20. Rb1 b5 21. a4 bxa4 22. Ne4 Nc4 23. Bf4 Be7 24. Rb7 Rd8 25. Ra7 a3 26. Ra1 a5 27. Kf1 h6 28. Rc7 Nb2 29. Ra7 f5 30. Ng3 a4 31. Be5 Rg8 32. Nh5 Kf7 33. Bxg7 Rd1+ 34. Rxd1 Nxd1 35. Bf6 a2 36. c4 Re8 37. Ke2 Kg6 38. Ba1 Kxh5 39. Kxd1 a3 40. Kc2 Bc5 41. Ra6 Rb8 42. Ra5 Rb1 43. Bc3 Bb4 44. g4+ Kxg4 45. h3+ Kh5 46. Bxb4 a1=Q 0-1